 Dungeon Crawl Stone Soup version 0.29.1-13-g9f3cf754e1 (webtiles) character file.

Game seed: 5235862798372614793

1191 KittyFluff the Cudgeller (level 8, -4/73 HPs)
             Began as a Gargoyle Berserker on Feb 7, 2023.
             Was a Priest of Trog.
             Slain by a gnoll
             ... wielding a +0 spear
             ... led by a gnoll bouda
              (6 damage)
             ... on level 5 of the Dungeon.
             The game lasted 00:29:38 (5242 turns).

KittyFluff the Cudgeller (Gargoyle Berserker)       Turns: 5242, Time: 00:29:39

Health: -4/73      AC: 13    Str: 22    XL:     8   Next: 43%
Magic:  8/8        EV: 12    Int:  7    God:    Trog [***...]
Gold:   96         SH:  0    Dex: 11    Spells: 7/7 levels left

rFire   . . .      SeeInvis .   a - +0 mace
rCold   + . .      Faith    .   (no shield)
rNeg    + . .      Spirit   .   B - +0 leather armour
rPois   ∞          Reflect  .   u - +0 helmet
rElec   +          Harm     .   z - +2 cloak
rCorr   .          Rampage  .   (no gloves)
Will    .....                   (no boots)
Stlth   ..........              j - amulet of regeneration
HPRegen 1.02/turn               n - ring of flight
MPRegen 0.11/turn               c - ring of protection from cold

@: berserking (expiring), flying, very quick
A: sickness immunity, AC +5, negative energy resistance 1, electricity
resistance, torment resistance 1, petrification resistance
a: Renounce Religion, Berserk, Trog's Hand


You were on level 5 of the Dungeon.
You worshipped Trog.
Trog was most pleased with you.
You visited 1 branch of the dungeon, and saw 5 of its levels.
You also visited: Sewer.

You collected 329 gold pieces.
You spent 233 gold pieces at shops.

Inventory:

Hand Weapons
 a - a +0 mace (weapon)
 v - a +0 sling
Missiles
 d - 53 stones (quivered)
 i - 2 poisoned darts
Armour
 l - a +1 hat
 p - a +0 chain mail
 u - a +0 helmet (worn)
 z - a +2 cloak (worn)
 B - a +0 leather armour (worn)
 C - the +2 ring mail of Summertime {rPois Will+}
   (You found it on level 5 of the Dungeon)

   rPois:     It protects you from poison.
   Will:      It increases your willpower.
Jewellery
 c - a ring of protection from cold (right hand)
 j - an amulet of regeneration (around neck)
 n - a ring of flight (left hand)
Wands
 q - a wand of flame (5)
 s - a wand of digging (4)
 y - a wand of polymorph (4)
Scrolls
 e - 2 scrolls of amnesia {unknown}
 f - a scroll of silence
 g - 4 scrolls of immolation {unknown}
 m - 2 scrolls of blinking
 o - a scroll of enchant armour
 t - 3 scrolls of teleportation
 w - a scroll of enchant weapon
 x - 2 scrolls of fear
 A - 2 scrolls of butterflies {unknown}
 D - 2 scrolls of noise {unknown}
Potions
 b - a potion of lignification
 h - a potion of heal wounds
 r - a potion of curing {unknown}
 E - a potion of flight


   Skills:
 + Level 5.2 Fighting
 + Level 7.2 Maces & Flails
 * Level 5.0 Armour
 + Level 3.7 Dodging
 + Level 2.1 Stealth


You had 7 spell levels left.
You didn't know any spells.
Your spell library was empty.

Dungeon Overview and Level Annotations

Branches:
Dungeon (5/15)             Temple (0/1) D:5           Sewer (visited)

Altars:

Shops:
D:1 :*   D:2 [**   D:3 ?


Innate Abilities, Weirdness & Mutations

You are immune to sickness and miasma.
Your stone body is resilient. (AC +5)
You are immune to poison.
You resist negative energy. (rN+)
You are resistant to electric shocks. (rElec)
You are resistant to unholy torment.
You are immune to petrification.


Message History

* * * LOW HITPOINT WARNING * * *
The gnoll hits you but does no damage.
The gnoll bouda hits you but does no damage.
You barely miss the gnoll.
The gnoll is almost dead.
The gnoll closely misses you. The gnoll barely misses you.
The gnoll closely misses you.
The gnoll bouda hits you but does no damage.
You hit the gnoll.
You kill the gnoll!
Trog accepts your kill. The gnoll hits you but does no damage.
You hit the gnoll bouda.
You punch the gnoll bouda, but do no damage.
The gnoll bouda is lightly wounded.
The gnoll hits you but does no damage. The gnoll bouda closely misses you.
The gnoll closely misses you.
You thump the gnoll bouda!
The gnoll bouda is heavily wounded.
Your attacks no longer feel as feeble.
The gnoll hits you with a +0 flail!
* * * LOW HITPOINT WARNING * * *
The gnoll hits you but does no damage.
The gnoll bouda hits you with a +0 club.
* * * LOW HITPOINT WARNING * * *
You hit the gnoll bouda.
The gnoll bouda is almost dead.
The gnoll barely misses you. The gnoll misses you.
The gnoll hits you but does no damage.
You sock the gnoll bouda!
You kill the gnoll bouda!
Trog accepts your kill.
The gnoll hits you from afar with a +0 halberd.
* * * LOW HITPOINT WARNING * * *
You closely miss the gnoll. The gnoll closely misses you.
The gnoll barely misses you. The gnoll hits you but does no damage.
There are monsters nearby!
There are monsters nearby!
The gnoll attacks as you move away! The gnoll hits you with a +0 spear.
You die...

#..#######.# #..#~~~~~#.#
##.#~~!~~'†# #### #.#~~~~~#.#
##..# .. ##.#######.# #...# ..
#..........# #...## ...
#.....###.## #....# ...
#####(###.# ##....# .... ##@#...#
##.....# ....###########ggg.###
##......# ................g.###
###........
....................###..........
.....###.............#....#.....#
..... ##..........#.....#####.##
..... #..........##..### ###
..... #..........##..## .....
##.........###..#


You could see 4 gnolls.

Vanquished Creatures
  Sigmund (D:4)
  A black bear (D:5)
  An ogre (D:5)
  3 scorpions
  3 killer bees (D:5)
  A gnoll bouda (D:5)
  An orc priest (D:4)
  Crazy Yiuf (D:3)
  2 hounds
  A jelly (D:5)
  Ijyb (D:4)
  A hell rat (Sewer)
  An iguana (D:5)
  3 orc wizards (D:4)
  Robin (D:3)
  5 gnolls (D:5)
  7 adders
  5 dart slugs
  7 orcs
  3 bats
  7 endoplasms
  4 giant cockroaches
  19 goblins
  15 hobgoblins
  A quokka (D:5)
  5 ball pythons
  5 frilled lizards
  5 kobolds
  7 rats
  A butterfly (D:5)
118 creatures vanquished.

Vanquished Creatures (others)
  A bat (D:1)
  14 plants (D:2)
15 creatures vanquished.

Grand Total: 133 creatures vanquished

Notes
Turn   | Place    | Note
-------+----------+-------------------------------------------
     0 | D:1      | KittyFluff the Gargoyle Berserker began the quest for the
                  | Orb.
     0 | D:1      | Reached XP level 1. HP: 14/14 MP: 1/1
   512 | D:1      | Reached XP level 2. HP: 18/19 MP: 2/2
   605 | D:1      | Found Zobiopt's Book Shop.
   763 | D:1      | Found Quil's General Store.
  1053 | D:1      | Found a faded altar of an unknown god.
  1119 | D:2      | Reached XP level 3. HP: 22/23 MP: 3/3
  1466 | D:2      | Found Gikax's General Store.
  1489 | D:2      | Found Unwu's Antique Armour Boutique.
  1523 | D:2      | Found Yffogeos's General Store.
  1559 | D:2      | You are sucked into a shaft and drop 2 floors!
  1711 | D:4      | Noticed Sigmund
  1726 | D:4      | Killed Sigmund
  1727 | D:4      | Reached skill level 4 in Maces & Flails
  1727 | D:4      | Reached skill level 1 in Stealth
  1727 | D:4      | Reached XP level 4. HP: 29/29 MP: 4/4
  1727 | D:4      | Reached XP level 5. HP: 33/33 MP: 5/5
  1807 | D:4      | Reached skill level 5 in Maces & Flails
  1807 | D:4      | Reached XP level 6. HP: 26/38 MP: 6/6
  2168 | D:4      | Noticed Ijyb
  2209 | D:4      | Killed Ijyb
  2209 | D:4      | Reached ** piety under Trog
  2806 | D:2      | Bought a scroll of identify for 20 gold pieces
  2806 | D:2      | Bought a scroll of blinking for 75 gold pieces
  2806 | D:2      | Bought a scroll of teleportation for 30 gold pieces
  2806 | D:2      | Bought 3 scrolls of identify for 60 gold pieces
  2977 | D:3      | Noticed Robin
  2987 | D:3      | Killed Robin
  3393 | D:3      | Found a runed translucent door.
  3394 | D:3      | Noticed Crazy Yiuf
  3479 | D:3      | Found Veucyges's Magic Scroll Shoppe.
  3498 | D:3      | Bought a scroll of fear for 48 gold pieces
  3849 | D:3      | Killed Crazy Yiuf
  4079 | D:4      | Reached XP level 7. HP: 44/44 MP: 7/7
  4238 | D:4      | Reached *** piety under Trog
  4337 | D:5      | Entered Level 5 of the Dungeon
  4433 | D:5      | Reached skill level 6 in Maces & Flails
  4485 | D:5      | HP: 3/66 [killer bee (2)]
  4651 | D:5      | Reached XP level 8. HP: 46/48 MP: 8/8
  4673 | D:5      | Reached skill level 5 in Fighting
  4742 | D:5      | Found a staircase to the Ecumenical Temple.
  4913 | D:5      | Found a glowing drain.
  4952 | Sewer    | Entered a sewer
  5113 | D:5      | Reached skill level 7 in Maces & Flails
  5171 | D:5      | Identified the +2 ring mail of Summertime {rPois Will+}
  5226 | D:5      | Reached skill level 5 in Armour
  5238 | D:5      | HP: 3/73 [gnoll bouda/+0 club (3)]
  5240 | D:5      | HP: 1/73 [gnoll/+0 halberd[a gnoll bouda] (3)]
  5242 | D:5      | Slain by a gnoll

Illustrated notes

Levels and vault maps discovered:
D:1:      ebering_trefoil_3fold, layout_loops_corners,
          dreamdust_ecumenical_altar_hidden_monk_grotto, serial_shops,
          nicolae_shop_trees, shop
D:2:      layout_basic, serial_shops, nicolae_shop_hallway_stairs,
          nicolae_lakefront_shop, nicolae_shop_hallway_plus, serial_bayou,
          serial_bayou_lake_a, serial_bayou_pond_d, serial_bayou_pond_c,
          serial_bayou_lagoon_a, serial_bayou_shore_b, serial_bayou_pond_b,
          chequers_serial_rivers_micro_c, hangedman_decor_clover_reticule,
          hex_intersection
D:3:      cheibrodos_greedy_goblins, layout_loops_ring, serial_shops, shop,
          uniq_crazy_yiuf_cottage, uniq_robin
D:4:      layout_loops_ring, uniq_sigmund, uniq_ijyb
D:5:      layout_cave_pods, minmay_temple_entry_butterflies,
          gup_sewer_entry_glass, uniq_grinder

Skill      XL: |  1  2  3  4  5  6  7  8 |
---------------+-------------------------+-----
Fighting       | 4 5 |  5.2
Maces & Flails | 4 5 6 7 |  7.2
Armour         | 3 4 5 |  5.0
Dodging        | 2 3 |  3.7
Stealth        | 1 2 |  2.1

Action                   |  1- 3 |  4- 6 |  7- 9 || total
-------------------------+-------+-------+-------++-------
Melee: Mace              |   104 |   232 |   251 ||   587
       Punch             |     1 |     5 |     2 ||     8
Throw: Stone             |     4 |       |     7 ||    11
Invok: Berserk           |     1 |     2 |     4 ||     7
  Use: Scroll            |       |     5 |     4 ||     9
 Stab: Sleeping          |     2 |     2 |       ||     4
Armor: Animal skin       |    43 |    84 |    40 ||   167
       Skin              |       |       |    52 ||    52
       Leather armour    |       |       |    24 ||    24
Dodge: Dodged            |    82 |    86 |   240 ||   408
